 Dungeon Crawl Stone Soup version 0.29.1-15-g9cfb28693d (webtiles) character file.

Game seed: 1340910055158158229

786 Heoruswealwe the Thaumaturge (level 7, -4/36 HPs)
             Began as a Deep Elf Earth Elementalist on Apr 26, 2023.
             Was an Initiate of Vehumet.
             Shot with an arrow by a centaur (10 damage)
             ... on level 5 of the Dungeon.
             The game lasted 00:34:20 (3550 turns).

Heoruswealwe the Thaumaturge (DEEE)                 Turns: 3550, Time: 00:34:21

Health: -4/36      AC:  4    Str: 11    XL:     7   Next: 56%
Magic:  16/20      EV: 12    Int: 22    God:    Vehumet [......]
Gold:   97         SH:  0    Dex: 15    Spells: 12/22 levels left

rFire   . . .      SeeInvis .   t - +1 short sword (speed)
rCold   . . .      Faith    .   (no shield)
rNeg    . . .      Spirit   .   c - +0 robe
rPois   .          Reflect  .   p - +0 helmet
rElec   .          Harm     .   (no cloak)
rCorr   .          Rampage  .   (no gloves)
Will    .....                   m - +0 pair of boots
Stlth   ++........              (no amulet)
HPRegen 0.12/turn               q - +6 ring of strength
MPRegen 0.17/turn               (no ring)

@: no status effects
A: no striking features
a: Renounce Religion


You were on level 5 of the Dungeon.
You worshipped Vehumet.
Vehumet was noncommittal.
You visited 2 branches of the dungeon, and saw 6 of its levels.
You also visited: Ossuary.

You collected 147 gold pieces.
You spent 50 gold pieces at shops.

Inventory:

Hand Weapons
 t - a +1 short sword of speed (weapon)
Armour
 a - a +0 robe
 c - a +0 robe (worn)
 m - a +0 pair of boots (worn)
 n - a +0 robe
 p - a +0 helmet (worn)
Magical Staves
 r - a staff of cold
Jewellery
 q - a +6 ring of strength (left hand)
Scrolls
 f - 2 scrolls of amnesia
 h - a scroll of teleportation
 i - a scroll of magic mapping
 k - a scroll of enchant weapon
 z - 2 scrolls of immolation {unknown}
 A - a scroll of fear
Potions
 b - 2 potions of magic
 d - 5 potions of heal wounds
 e - 2 potions of flight
 g - 5 potions of resistance
 j - a potion of berserk rage {unknown}
 l - 2 potions of curing {unknown}
 o - 3 potions of mutation {unknown}
 s - a potion of might {unknown}
 u - a potion of ambrosia {unknown}
 v - a potion of brilliance {unknown}
 w - a potion of haste {unknown}
 x - a potion of cancellation {unknown}


   Skills:
 - Level 2.4 Dodging
 - Level 2.4 Stealth
 + Level 8.4 Spellcasting
 - Level 1.1 Transmutations
 + Level 7.3 Earth Magic


You had 12 spell levels left.
You knew the following spells:

 Your Spells              Type           Power      Damage    Failure   Level
a - Sandblast             Erth           82%        2d17      1%          1
b - Stone Arrow           Conj/Erth      50%        3d10      4%          3
c - Petrify               Tmut/Erth      27%        N/A       12%         4
z - Passwall              Tmut/Erth      22%        N/A       1%          2

Your spell library contained the following spells:

 Spells                   Type           Power      Damage    Failure   Level
 Apportation              Tloc           18%        N/A       7%          1
 Necrotise                Necr           36%        1d5       7%          1
 Summon Small Mammal      Summ           36%        N/A       7%          1
 Ensorcelled Hibernation  Hex/Ice        18%        N/A       11%         2
 Scorch                   Fire           18%        2d6       11%         2
 Confusing Touch          Hex            9%         N/A       22%         3
 Flame Wave               Conj/Fire      9%         2d6       56%         4
 Sticky Flame             Conj/Fire      9%         2d3       56%         4
 Summon Cactus Giant      Summ           4%         N/A       100%        6


Dungeon Overview and Level Annotations

Branches:
Dungeon (5/15)             Temple (1/1) D:4         Ossuary (visited)

Altars:
Cheibriados
Elyvilon
Kikubaaqudgha
Makhleb
Qazlal
Sif Muna
Trog
Uskayaw
Vehumet
Wu Jian
Xom
Yredelemnul
Zin
The Shining One

Shops:
D:1 [(*?(   D:3 *   D:4 (


Message History

You now have 88 gold pieces (gained 12).
You now have 97 gold pieces (gained 9).
There is a stone staircase leading down here.
You climb downwards.
There is a stone staircase leading up here.
A scorpion comes into view.
A centaur comes into view.
The blast of sand hits the scorpion!!
You kill the scorpion!
Vehumet accepts your kill.
Found a potion of heal wounds.
The blast of sand hits the centaur!
The centaur is moderately wounded.
The centaur shouts!
The centaur wields a +0 shortbow.
The centaur shoots an arrow.
The arrow hits you!
The blast of sand hits the centaur!
The centaur is almost dead.
The centaur shoots an arrow.
The arrow hits you!
The centaur shoots an arrow.
The arrow hits you!
You are too injured to fight recklessly!
Casting: Sandblast (safe; 1% risk of failure)
Confirm with . or Enter, or press ? or * to list all spells.
Aiming: Sandblast (safe; 1% risk of failure)
Press: ? - help, Shift-Dir - straight line, f/p - centaur
Aim: a centaur, wielding a +0 shortbow (almost dead, 91% to hit)
The blast of sand hits the centaur but does no damage.
The centaur is almost dead.
The centaur shoots an arrow.
The arrow closely misses you.
The centaur shoots an arrow.
The arrow hits you.
* * * LOW HITPOINT WARNING * * *
The centaur shoots an arrow.
The arrow barely misses you.
Casting: Sandblast (safe; 1% risk of failure)
Confirm with . or Enter, or press ? or * to list all spells.
Aiming: Sandblast (safe; 1% risk of failure)
Press: ? - help, Shift-Dir - straight line, f/p - centaur
Aim: a centaur, wielding a +0 shortbow (almost dead, 91% to hit)
The blast of sand misses the centaur.
The centaur shoots an arrow.
The arrow hits you!
You die...

#.........##
#..........#
#..........#
#..........#
#..........#
#..........#
#.c.......#
#....@....##
........^...<#
##....######.#
#..### #.# !.
#.# # #.# ..#
..# ..#


You could see a centaur.

Vanquished Creatures
  An elf zombie (Ossuary)
  2 scorpions
  5 centaur zombies (Ossuary)
  6 human zombies (Ossuary)
  Natasha (thrice) (D:2)
  4 mummies
  5 adders
  2 worms (D:2)
  3 dart slugs
  5 orcs
  5 ball pythons
  5 endoplasms
  3 giant cockroaches
  6 goblins
  6 hobgoblins
  6 kobolds
  A quokka (D:1)
  8 bats
  5 frilled lizards
  A hobgoblin zombie (D:4)
  A kobold zombie (D:4)
  2 orc zombies (D:4)
  2 rats
  3 rat zombies (D:4)
90 creatures vanquished.

Vanquished Creatures (others)
  2 plants (D:1)
2 creatures vanquished.

Grand Total: 92 creatures vanquished

Notes
Turn   | Place    | Note
-------+----------+-------------------------------------------
     0 | D:1      | Heoruswealwe the Deep Elf Earth Elementalist began the
                  | quest for the Orb.
     0 | D:1      | Reached XP level 1. HP: 10/10 MP: 6/6
    34 | D:1      | Found Fauggeq's Weapon Boutique.
   217 | D:1      | Found a faded altar of an unknown god.
   220 | D:1      | Prayed at the altar of an unknown god.
   220 | D:1      | Became a worshipper of Makhleb the Destroyer
   220 | D:1      | Reached * piety under Makhleb
   252 | D:1      | Found Hugriopp's Antique Armour Emporium.
   338 | D:1      | Reached XP level 2. HP: 15/15 MP: 4/8
   340 | D:1      | Found Uzazies's Weapon Shop.
   345 | D:1      | Learned a level 2 spell: Passwall
   348 | D:1      | Got the Catalogue of Calid Interference
   431 | D:1      | Found Meojyiz's Magic Scroll Shop.
   452 | D:1      | Found Anamiciy's General Store.
   594 | D:1      | Reached skill level 4 in Spellcasting
   747 | D:1      | Reached XP level 3. HP: 19/19 MP: 7/10
   751 | D:1      | Learned a level 3 spell: Stone Arrow
  1032 | D:1      | Bought a scroll of identify for 22 gold pieces
  1126 | D:2      | Noticed Natasha
  1132 | D:2      | Killed Natasha
  1133 | D:2      | Reached XP level 4. HP: 15/24 MP: 3/12
  1150 | D:2      | Noticed Natasha
  1154 | D:2      | Killed Natasha
  1155 | D:2      | Reached skill level 5 in Spellcasting
  1192 | D:2      | Noticed Natasha
  1199 | D:2      | Reached ** piety under Makhleb
  1216 | D:2      | Killed Natasha
  1299 | D:2      | Reached skill level 5 in Earth Magic
  1421 | D:2      | Reached XP level 5. HP: 28/28 MP: 10/14
  1499 | D:1      | Bought a scroll of identify for 28 gold pieces
  1611 | D:1      | You fall into a shaft and drop 1 floor!
  1763 | D:3      | Found a glowing golden altar of the Shining One.
  1778 | D:3      | Learned a level 4 spell: Petrify
  2036 | D:3      | Found Zin's Purification Station.
  2036 | D:3      | Found a glowing silver altar of Zin.
  2152 | D:3      | Found a stormy altar of Qazlal.
  2283 | D:4      | Found an ancient bone altar of Kikubaaqudgha.
  2289 | D:4      | Reached skill level 6 in Spellcasting
  2327 | D:4      | Found Ruezew's Antique Weapon Emporium.
  2392 | D:4      | Found a sand-covered staircase.
  2427 | Ossuary  | Entered an ossuary
  2449 | Ossuary  | Reached XP level 6. HP: 28/32 MP: 4/17
  2622 | Ossuary  | Reached skill level 7 in Spellcasting
  2634 | Ossuary  | Reached XP level 7. HP: 36/36 MP: 5/20
  2734 | Ossuary  | Reached *** piety under Makhleb
  2746 | Ossuary  | Reached skill level 8 in Spellcasting
  3266 | D:4      | Found a shimmering blue altar of Sif Muna.
  3313 | D:4      | Found a staircase to the Ecumenical Temple.
  3378 | Temple   | Entered the Ecumenical Temple
  3388 | Temple   | Fell from the grace of Makhleb
  3388 | Temple   | Became a worshipper of Vehumet
  3540 | D:5      | Entered Level 5 of the Dungeon
  3550 | D:5      | Shot with an arrow by a centaur

Illustrated notes

Levels and vault maps discovered:
D:1:      matt_arrival_spirals, layout_basic, serial_shops,
          nicolae_shop_bloodbath_and_beyond, shop,
          nicolae_shop_temple_entry_statues_fountains, nicolae_shop_stone, shop,
          shapermc_ecumenical_altar_mp_ritualfount
D:2:      layout_rooms, minmay_hedge_maze, uniq_natasha
D:3:      layout_loops_ring, mainiacjoe_overflow_alcove_1, zin_purify,
          nicolae_qazlal_general_emergency
D:4:      layout_loops_ring, lemuel_zombie_altar_kikubaaqudgha,
          nicolae_sif_muna_condensation, minmay_temple_entry_statues_pillars,
          enter_ossuary_1, serial_shops, nicolae_take_the_stairs,
          minmay_mini_ossuary
D:5:      layout_basic, nicolae_ru_the_path_less_chosen, serial_corexii_hall,
          corexii_hall_statues_l, corexii_hall_statues_u,
          corexii_hall_statues_s, chequers_hall_statues_y, minmay_misc_feat_iff,
          minmay_misc_feat_enclosed, minmay_ogre_servants
Temple:   hellmonk_temple_two_chambers

Skill      XL: |  1  2  3  4  5  6  7 |
---------------+----------------------+-----
Spellcasting   | 4 5 6 7 8 |  8.4
Earth Magic    | 4 5 6 7 |  7.3
Dodging        | |  2.4
Stealth        | |  2.4
Transmutations | |  1.1

Action                   |  1- 3 |  4- 6 |  7- 9 || total
-------------------------+-------+-------+-------++-------
Melee: Unarmed           |     8 |       |       ||     8
       Punch             |     1 |       |       ||     1
       Short sword       |       |       |     1 ||     1
 Cast: Sandblast         |    42 |    82 |    42 ||   166
       Passwall          |     1 |     2 |     1 ||     4
  Use: Scroll            |     4 |     7 |     2 ||    13
       Potion            |       |     1 |       ||     1
Armor: Robe              |     2 |    15 |     1 ||    18
Dodge: Dodged            |     7 |    35 |     9 ||    51
